 Dungeon Crawl Stone Soup version 0.29.1-15-g9cfb28693d (webtiles) character file.

Game seed: 18211358100502439068

8911 bmack86 the Severer (level 11, -1/84 HPs)
             Began as a Minotaur Fighter on Apr 4, 2024.
             Was an Initiate of Gozag.
             Slain by a broodmother (26 damage)
             ... on level 11 of the Dungeon on Apr 5, 2024.
             The game lasted 00:25:03 (10327 turns).

bmack86 the Severer (Minotaur Fighter)             Turns: 10327, Time: 00:25:06

Health: -1/84      AC: 18    Str: 26    XL:     11   Next: 16%
Magic:  10/10      EV:  6    Int:  5    God:    Gozag
Gold:   1799       SH:  6    Dex:  9    Spells: 10/10 levels left

rFire   . . .      SeeInvis +   a - +1 war axe (vamp)
rCold   . . .      Faith    .   c - +0 buckler
rNeg    . . .      Spirit   .   M - +2 plate armour {rPois}
rPois   +          Reflect  .   (helmet restricted)
rElec   .          Harm     .   u - +2 cloak
rCorr   .          Rampage  .   J - +0 pair of gloves
Will    .....                   (no boots)
Stlth   ..........              I - amulet of regeneration
HPRegen 1.04/turn               i - +4 ring of slaying
MPRegen 0.12/turn               l - ring of see invisible

@: no status effects
A: horns 2, retaliatory headbutt
a: Renounce Religion, Potion Petition, Call Merchant, Bribe Branch


You were on level 11 of the Dungeon.
You worshipped Gozag.
Gozag was most pleased with you.
You visited 2 branches of the dungeon, and saw 12 of its levels.
You also visited: Bailey.

You collected 1829 gold pieces.
You paid 30 gold pieces to Gozag.

Inventory:

Hand Weapons
 a - a +1 vampiric war axe (weapon)
 t - a +0 hand axe of electrocution
Missiles
 p - 5 javelins
 q - 3 throwing nets
Armour
 b - a +0 plate armour of cold resistance
 c - a +0 buckler (worn)
 u - a +2 cloak (worn)
 J - a +0 pair of gloves (worn)
 L - a +0 kite shield
 M - a +2 plate armour of poison resistance (worn)
Jewellery
 g - a ring of fire
 i - a +4 ring of slaying (left hand)
 l - a ring of see invisible (right hand)
 o - an amulet of reflection
 r - a ring of flight
 I - an amulet of regeneration (around neck)
 K - a ring of protection from cold
 N - a ring of fire
 O - a ring of protection from fire
Wands
 y - a wand of charming (15)
 B - a wand of flame (11)
 F - a wand of polymorph (5) (quivered)
 G - a wand of mindburst (12)
Scrolls
 f - 2 scrolls of vulnerability
 A - a scroll of brand weapon
 C - 3 scrolls of teleportation
 D - a scroll of blinking
 H - a scroll of enchant weapon
Potions
 d - a potion of might
 e - 2 potions of heal wounds
 h - 3 potions of lignification
 j - 8 potions of curing
 k - a potion of berserk rage {unknown}
 m - a potion of flight {unknown}
 n - 2 potions of cancellation
 s - 3 potions of brilliance
 v - a potion of attraction {unknown}
 w - a potion of resistance {unknown}
 x - 2 potions of mutation
 z - 2 potions of magic
 E - 5 potions of haste


   Skills:
 * Level 4.1 Fighting
 - Level 18.0 Axes
 + Level 0.8 Throwing
 * Level 4.1 Armour
 - Level 10.0 Shields


You had 10 spell levels left.
You didn't know any spells.
Your spell library contained the following spells:

 Spells                   Type           Power      Damage    Failure   Level
 Slow                     Hex            0%         N/A       100%        1
 Confusing Touch          Hex            0%         N/A       100%        3
 Ignite Poison            Fire/Tmut/Pois 0%         N/A       100%        3
 Mephitic Cloud           Conj/Pois/Air  0%         N/A       100%        3
 Vampiric Draining        Necr           0%         2d6       100%        3
 Summon Ice Beast         Ice/Summ       0%         N/A       100%        4
 Freezing Cloud           Conj/Ice/Air   0%         6-21      100%        5
 Summon Mana Viper        Hex/Summ       0%         N/A       100%        5
 Monstrous Menagerie      Summ           0%         N/A       100%        7


Dungeon Overview and Level Annotations

Branches:
Dungeon (11/15)            Temple (1/1) D:6             Orc (0/2) D:9
 Bailey (visited)
   Lair: D:8-11

Altars:
Elyvilon
Fedhas
Gozag
Hepliaklqana
Kikubaaqudgha
Makhleb
Okawaru
Qazlal
Sif Muna
Uskayaw
Wu Jian

Annotations:
D:6 2 transporters, AylatheWolf's ghost, amateur MiFi


Innate Abilities, Weirdness & Mutations

You have a pair of horns on your head.
You reflexively headbutt those who attack you in melee.


Message History

The broodmother bites you but does no damage.
The redback bites you but does no damage.
You hit the broodmother.
You feel better.
You headbutt the broodmother.
The broodmother is lightly wounded.
You hit the redback but do no damage. The redback bites you!
You slice the broodmother!!
You feel better.
The broodmother is moderately wounded.
You slash the redback! The broodmother bites you.
A spider bursts forth from the wound!
You block the redback's attack.
You barely miss the broodmother.
The broodmother is moderately wounded.
You closely miss the redback. The broodmother bites you!!
A spider bursts forth from the wound!
The redback bites you but does no damage.
You slash the broodmother!
The broodmother is moderately wounded.
You barely miss the redback. You block the broodmother's attack.
The redback bites you but does no damage.
You slice the broodmother!!
You feel better.
Your headbutt misses the broodmother.
The broodmother is heavily wounded.
You hit the redback. The redback bites you. The broodmother bites you!!
You slash the broodmother!
You feel better.
The broodmother is severely wounded.
You hit the redback. The redback bites you! The broodmother bites you!!
* * * LOW HITPOINT WARNING * * *
A spider bursts forth from the wound!
You completely miss the broodmother.
The broodmother is severely wounded.
You closely miss the redback. You block the redback's attack.
The jumping spider leaps!
The broodmother bites you but does no damage.
You slash the broodmother!
The broodmother is severely wounded.
You closely miss the redback. You slash the tarantella!
You block the redback's attack. The tarantella touches you.
* * * LOW HITPOINT WARNING * * *
The broodmother bites you!!
You die...
Your body crumbles into a pile of gold.

#.# #......# #.#
#......# #.#
#......#######.##
#......+........####
#...s..######.#.....
#..s...# #.######
#â—‹sss..# #.# #@#
#.# #.# #)# #.# #.#
#.# #.# #.# #.# #.#
#.# #.# ##.######
#.# #.......# #.#
#........


You could see a broodmother, an orb spider (summoned), a jumping spider
(summoned), a tarantella (summoned) and a redback (summoned).

Vanquished Creatures
  2 two-headed ogres (D:11)
  Joseph (D:7)
  A gargoyle (Bailey)
  A troll (D:10)
  A hornet (D:9)
  A vampire (Bailey)
  A wyvern (D:10)
  14 yaks
  Menkaure (D:7)
  An acid dragon (D:10)
  5 orc warriors
  3 water moccasins
  An ice beast (D:8)
  A black bear (D:8)
  2 sky beasts (D:8)
  5 centaurs
  5 phantoms
  4 bullfrogs
  A necrophage (D:7)
  3 scorpions
  4 wights (D:8)
  3 killer bees
  6 vampire bats (Bailey)
  2 howler monkeys
  6 wolf zombies (Bailey)
  6 hounds
  Crazy Yiuf (D:3)
  A gnoll bouda (D:8)
  2 jellies
  3 orc priests
  Jessica (D:3)
  Natasha (thrice) (D:3)
  4 iguanas (D:4)
  An orc wizard (D:10)
  Robin (D:2)
  8 gnolls
  3 adders
  An ufetubus (D:4)
  3 worms
  2 dart slugs
  30 orcs
  A ball python (D:1)
  4 endoplasms
  4 giant cockroaches
  15 goblins
  11 hobgoblins
  5 jackals (D:1)
  2 quokkas
  4 bats
  3 frilled lizards
  4 kobolds
  19 orc zombies (Bailey)
  8 rats
  7 bushes (D:2)
232 creatures vanquished.

Vanquished Creatures (others)
  4 fungi (D:3)
  27 plants
31 creatures vanquished.

Grand Total: 263 creatures vanquished

Notes
Turn   | Place    | Note
-------+----------+-------------------------------------------
     0 | D:1      | bmack86 the Minotaur Fighter began the quest for the Orb.
     0 | D:1      | Reached XP level 1. HP: 19/19 MP: 0/0
   246 | D:1      | You fall into a shaft and drop 1 floor!
   260 | D:2      | Reached XP level 2. HP: 17/26 MP: 1/1
   263 | D:2      | Reached skill level 3 in Axes
   267 | D:2      | Reached XP level 3. HP: 12/31 MP: 2/2
   591 | D:1      | Found a faded altar of an unknown god.
   794 | D:1      | Reached skill level 5 in Shields
  1614 | D:2      | Noticed Robin
  1619 | D:2      | Reached skill level 4 in Axes
  1621 | D:2      | Reached XP level 4. HP: 27/39 MP: 3/3
  1626 | D:2      | Killed Robin
  2492 | D:3      | Found a blossoming altar of Fedhas.
  2653 | D:3      | Found an opulent altar of Gozag.
  2661 | D:3      | Became a worshipper of Gozag Ym Sagoz the Greedy
  2708 | D:3      | Noticed Natasha
  2714 | D:3      | Killed Natasha
  2715 | D:3      | Reached skill level 5 in Axes
  2902 | D:3      | Noticed Natasha
  2906 | D:3      | Killed Natasha
  2907 | D:3      | Reached XP level 5. HP: 42/45 MP: 4/4
  3098 | D:3      | Noticed Natasha
  3109 | D:3      | Killed Natasha
  3294 | D:3      | Reached skill level 6 in Axes
  3361 | D:3      | Noticed Jessica
  3366 | D:3      | Killed Jessica
  3573 | D:3      | Found a runed translucent door.
  3574 | D:3      | Noticed Crazy Yiuf
  3581 | D:3      | Killed Crazy Yiuf
  3831 | D:4      | Reached XP level 6. HP: 51/51 MP: 5/5
  3851 | D:4      | Reached skill level 7 in Axes
  3908 | D:4      | Found an ornate altar of the Wu Jian Council.
  4176 | D:4      | Found a hazy altar of Hepliaklqana.
  4187 | D:4      | Reached skill level 8 in Axes
  4278 | D:4      | Reached XP level 7. HP: 47/57 MP: 6/6
  4461 | D:4      | Reached skill level 9 in Axes
  4644 | D:5      | Entered Level 5 of the Dungeon
  4730 | D:5      | Reached skill level 10 in Axes
  5000 | D:5      | Reached XP level 8. HP: 50/64 MP: 7/7
  5005 | D:5      | Reached skill level 11 in Axes
  5297 | D:5      | Found the +2 Maxwell's thermic engine {flame, freeze}
  5595 | D:6      | Found a staircase to the Ecumenical Temple.
  5653 | Temple   | Entered the Ecumenical Temple
  5803 | D:6      | Found a burning altar of Makhleb.
  5946 | D:6      | Found a hide-covered altar of Uskayaw.
  5990 | D:6      | Noticed a hornet
  6015 | D:6      | Found a transporter.
  6020 | D:6      | Found a transporter.
  6021 | D:6      | Noticed AylatheWolf's ghost (amateur MiFi)
  6147 | D:7      | Reached skill level 12 in Axes
  6218 | D:7      | Found an iron altar of Okawaru.
  6240 | D:7      | Reached skill level 13 in Axes
  6404 | D:7      | Noticed Menkaure
  6411 | D:7      | Killed Menkaure
  6667 | D:7      | Noticed Joseph
  6683 | D:7      | Killed Joseph
  6684 | D:7      | Reached skill level 14 in Axes
  6684 | D:7      | Reached XP level 9. HP: 45/70 MP: 8/8
  6961 | D:7      | Found a white marble altar of Elyvilon.
  7679 | D:8      | Reached skill level 15 in Axes
  8013 | D:8      | Found a shimmering blue altar of Sif Muna.
  8174 | D:9      | Found a staircase to the Orcish Mines.
  8417 | D:9      | Reached skill level 16 in Axes
  8493 | D:9      | Found a flagged portal.
  8508 | D:9      | Reached XP level 10. HP: 42/77 MP: 9/9
  8538 | Bailey   | Entered a bailey
  8852 | Bailey   | Noticed a gargoyle
  8858 | Bailey   | Killed a gargoyle
  8882 | Bailey   | Identified the +2 quarterstaff of Ifemaopn {pain, Will+}
  8887 | Bailey   | Reached skill level 17 in Axes
  9368 | D:10     | Entered Level 10 of the Dungeon
  9694 | D:10     | Reached skill level 18 in Axes
  9972 | D:10     | Reached XP level 11. HP: 65/82 MP: 10/10
 10118 | D:11     | Noticed a two-headed ogre
 10127 | D:11     | Killed a two-headed ogre
 10223 | D:11     | Noticed a two-headed ogre
 10232 | D:11     | Killed a two-headed ogre
 10233 | D:11     | Reached skill level 10 in Shields
 10315 | D:11     | Noticed a five-headed hydra
 10317 | D:11     | Noticed a broodmother
 10317 | D:11     | a five-headed hydra changed into a broodmother
 10323 | D:11     | Noticed an orb spider
 10327 | D:11     | Slain by a broodmother

Illustrated notes

Levels and vault maps discovered:
D:1:      kennysheep_arrival_forest, layout_loops_ring,
          shapermc_ecumenical_altar_ellora, corexii_leaking_fountain,
          chequers_serial_rivers_marsh, dreamdust_mushroom_princess,
          bh_walls_and_bars
D:2:      layout_basic, serial_forest, infiniplex_forest_clump_long,
          infiniplex_forest_clump_small, infiniplex_forest_corner_1,
          infiniplex_forest_lined_3, infiniplex_forest_end_3,
          infiniplex_forest_clump_medium, infiniplex_forest_end_1, uniq_robin
D:3:      layout_basic, mainiacjoe_overflow_surrounded_room, fedhas_altar_2,
          serial_bayou, serial_bayou_pond_e, serial_bayou_pond_b,
          serial_bayou_shore_b, serial_bayou_shore_b, minmay_misc_feat_roman,
          chequers_jeans, uniq_crazy_yiuf_cottage, uniq_natasha, uniq_jessica
D:4:      layout_basic, nicolae_hepliaklqana_hazy_memory,
          mainiacjoe_overflow_boulevard, nicolae_overflow_hidden_temple,
          minivault_24, grunt_ministairs_5, serial_bayou_crossing
D:5:      layout_basic
D:6:      layout_rooms, overflow_temple_1_default, bloody_makhleb,
          minmay_temple_entry_water_ring, gammafunk_ghost_hive
D:7:      layout_loops_ring, lemuel_round_altar, nicolae_overflow_crystal_walls,
          uniq_joseph, uniq_menkaure
D:8:      layout_loops_ring, kennysheep_little_box, st_stairs_3
D:9:      layout_basic, david_orc_2, enter_bailey_7
D:10:     layout_roguey
D:11:     layout_roguey [special_room_bee], lair_entry_dummy
Temple:   hellmonk_temple_of_storms

Skill      XL: |  1  2  3  4  5  6  7  8  9 10 11 |
---------------+----------------------------------+-----
Shields        | 4 5 9 10 | 10.0
Axes           | 3 4 5 6 8 10 14 16 18 | 18.0
Fighting       | 4 |  4.1
Armour         | 4 |  4.1
Throwing       | |  0.8

Action                   |  1- 3 |  4- 6 |  7- 9 | 10-12 || total
-------------------------+-------+-------+-------+-------++-------
Melee: War axe           |    48 |   237 |   186 |   196 ||   667
       Headbutt          |    10 |    70 |    32 |    37 ||   149
Throw: Throwing net      |       |       |     1 |       ||     1
Evoke: Wand              |       |       |       |    14 ||    14
  Use: Scroll            |       |     8 |     6 |     4 ||    18
       Potion            |       |       |       |     1 ||     1
 Stab: Distracted        |       |       |       |     1 ||     1
Armor: Scale mail        |    25 |    49 |    53 |       ||   127
       Plate armour      |       |       |    29 |    98 ||   127
Dodge: Dodged            |    22 |    50 |    61 |    43 ||   176
Block: Buckler           |    11 |    24 |    38 |    45 ||   118
